 Dungeon Crawl Stone Soup version 0.25-a0-785-gb22c70e859 (webtiles) character file.

Game seed: 13755945225044345289, levelgen mode: deterministic

459546 Fukker the Fencer (level 23, -1/192 HPs)
             Began as a Demonspawn Wanderer on Apr 13, 2020.
             Was a High Priest of Okawaru.
             Splashed by an acid blob's acid (6 damage)
             ... created by the Royal Jelly
             ... on level 5 of the Pits of Slime on Apr 17, 2020.
             The game lasted 05:28:27 (68689 turns).

Fukker the Fencer (Demonspawn Wanderer)            Turns: 68689, Time: 05:28:27

Health: -1/192     AC: 32    Str: 21    XL:     23   Next: 34%
Magic:  0/32       EV: 19    Int: 24    God:    Okawaru [*****.]
Gold:   2991       SH:  0    Dex: 24    Spells: 16/30 levels left

rFire    + + +     SeeInvis +   b - +11 plutonium sword {*Contam Stlth-}
rCold    . . .     Gourm    .   (shield currently unavailable)
rNeg     . . .     Faith    .   V - +8 plate armour {rF+}
rPois    .         Spirit   +   (helmet unavailable)
rElec    +         Reflect  .   w - +2 cloak "Luet" {+Inv rCorr Str-3 Dex+3}
rCorr    +         Harm     .   i - +2 pair of gloves {archery}
MR       ++...     Rnd*Rage +   E - +2 pair of boots {Fly}
Stlth    ..........             k - amulet of guardian spirit
HPRegen  0.42/turn              a - ring of Uskayaw's Favour {rElec rF+ Int+4 Dex+2}
MPRegen  0.23/turn              U - ring of Boxoryin {MR+ Str+2 Int+6 Dex+4}

@: about to teleport, heroism, corroded, berserk cooldown, flying, slowed,
invisible, very slow
A: antennae 3, iridescent scales 3, berserk 1, blurry vision 1, clever 1,
demonic guardian 2, fire resistance 1, hurl damnation, foul stench 1, rot
immunity, flame cloud immunity, subdued magic 1
}: 2/15 runes: serpentine, barnacled
a: Hurl Damnation, Heroism, Finesse, Renounce Religion, Stop Flying


You were on level 5 of the Pits of Slime.
You worshipped Okawaru.
Okawaru was extremely pleased with you.
You were full.

You visited 10 branches of the dungeon, and saw 46 of its levels.
You visited the Abyss 2 times.
You also visited: Gauntlet, Ice Cave, Volcano and Wizlab.

You collected 6828 gold pieces.
You spent 3837 gold pieces at shops.

Inventory:

Hand Weapons
 b - the +11 plutonium sword (weapon) {*Contam Stlth-}
   (You found it in a Gauntlet)

   It causes magical contamination when unequipped.
   It makes you less stealthy.
Missiles
 h - 39 atropa-tipped darts
 l - 12 datura-tipped darts
 n - 17 javelins (quivered)
 z - 15 curare-tipped darts
 S - 57 silver javelins
Armour
 i - a +2 pair of gloves of archery (worn)
 w - the +2 cloak "Luet" (worn) {+Inv rCorr Str-3 Dex+3}
   (You found it in a wizard's laboratory)

   It affects your strength (-3).
   It affects your dexterity (+3).
   It lets you turn invisible.
   It provides partial protection from all sources of acid and corrosion.
 E - a +2 pair of boots of flying (worn)
 G - a +2 cloak of invisibility
 V - a +8 plate armour of fire resistance (worn)
Jewellery
 a - the ring of Uskayaw's Favour (left hand) {rElec rF+ Int+4 Dex+2}
   (You bought it in a shop on level 1 of the Depths)

   [ring of intelligence]

   It affects your intelligence (+4).
   It affects your dexterity (+2).
   It protects you from fire.
   It insulates you from electricity.
 k - an amulet of guardian spirit (around neck)
 F - an uncursed ring of stealth
 K - the ring "Egampei" {rPois EV+4}
   (You bought it in a shop on level 2 of the Orcish Mines)

   [ring of evasion]

   It affects your evasion (+4).
   It protects you from poison.
 U - the ring of Boxoryin (right hand) {MR+ Str+2 Int+6 Dex+4}
   (You acquired it on level 1 of the Elven Halls)

   [ring of intelligence]

   It affects your strength (+2).
   It affects your intelligence (+6).
   It affects your dexterity (+4).
   It affects your resistance to hostile enchantments.
Wands
 e - a wand of acid (32)
 m - a wand of enslavement (28)
 p - a wand of scattershot (6)
 q - a wand of iceblast (7)
 v - a wand of paralysis (42)
 M - a wand of clouds (3)
 R - a wand of disintegration (24)
 W - a wand of digging (36)
Scrolls
 f - 20 scrolls of teleportation
 j - 23 scrolls of remove curse
 x - a scroll of enchant weapon
 y - 7 scrolls of fog
 A - 8 scrolls of identify
 C - 2 scrolls of blinking
 L - 3 scrolls of fear
 P - 12 scrolls of magic mapping
 Q - 3 scrolls of silence
 X - 5 scrolls of summoning
Potions
 c - 17 potions of curing
 o - 7 potions of haste
 r - 5 potions of mutation
 s - 2 potions of magic
 B - 6 potions of berserk rage
 I - 2 potions of cancellation
 J - 10 potions of stabbing
 N - 3 potions of might
 O - 2 potions of invisibility
 T - 4 potions of resistance
 Z - a potion of heal wounds
Miscellaneous
 g - 3 phantom mirrors
 t - a phial of floods
 u - 4 tins of tremorstones
 D - a lightning rod (4/4)
Comestibles
 d - 40 rations


   Skills:
 + Level 18.5(23.5) Fighting
   Level 6.6(19.1) Short Blades
 - Level 19.0(24.3) Long Blades
   Level 1.0(6.0) Maces & Flails
   Level 7.2(12.2) Polearms
 - Level 14.0(19.0) Throwing
 + Level 14.0(19.0) Armour
 * Level 11.6(16.6) Dodging
 - Level 2.0(7.0) Stealth
   Level 6.9(11.9) Shields
 - Level 4.1 Spellcasting
 - Level 9.0 Hexes
 - Level 8.0 Charms
 - Level 9.3 Necromancy
 - Level 13.1 Invocations
 - Level 10.0 Evocations


You had 16 spell levels left.
You knew the following spells:

 Your Spells              Type           Power        Failure   Level  Hunger
a - Animate Skeleton      Necr           N/A          1%          1    None
b - Spectral Weapon       Hex/Chrm       #####...     5%          3    ##.....
c - Summon Butterflies    Summ           #.......     54%         1    None
d - Song of Slaying       Chrm           ####....     3%          2    #......
e - Confusing Touch       Hex            #####...     4%          3    ##.....
f - Animate Dead          Necr           N/A          13%         4    ####...

Your spell library contained the following spells:

 Spells                   Type           Power        Failure   Level  Hunger
 Corona                   Hex            #####..      1%          1    None
 Infusion                 Chrm           ####         1%          1    None
 Slow                     Hex            #####...     1%          2    #......
 Tukima's Dance           Hex            #####...     4%          3    ##.....
 Ensorcelled Hibernation  Hex/Ice        ###...       14%         2    #......
 Cause Fear               Hex            #####.....   16%         4    ####...
 Shroud of Golubria       Chrm/Tloc      ###...       19%         2    #......
 Swiftness                Chrm/Air       ###.....     19%         2    #......
 Dazzling Flash           Conj/Hex       ###...       30%         3    ##.....
 Inner Flame              Hex/Fire       ###.....     30%         3    ##.....
 Portal Projectile        Hex/Tloc       ###...       30%         3    ##.....
 Summon Guardian Golem    Hex/Summ       ###.....     30%         3    ##.....
 Ozocubu's Armour         Chrm/Ice       ###.....     34%         3    ##.....
 Apportation              Tloc           #.....       54%         1    None
 Beastly Appendage        Tmut           #.....       54%         1    None
 Foxfire                  Conj/Fire      #...         54%         1    None
 Freeze                   Ice            #...         54%         1    None
 Magic Dart               Conj           #...         54%         1    None
 Sandblast                Erth           #.....       54%         1    None
 Shock                    Conj/Air       #...         54%         1    None
 Sting                    Tmut/Pois      #...         54%         1    None
 Summon Small Mammal      Summ           #...         54%         1    None
 Blink                    Tloc           N/A          69%         2    #......
 Call Imp                 Summ           #.......     69%         2    #......
 Passwall                 Tmut/Erth      #.......     69%         2    #......
 Poisonous Vapours        Pois/Air       #.....       69%         2    #......
 Sticks to Snakes         Tmut           #.......     69%         2    #......
 Leda's Liquefaction      Hex/Erth       ###.......   71%         4    ####...
 Call Canine Familiar     Summ           #.......     89%         3    ##.....
 Conjure Flame            Conj/Fire      #.......     89%         3    ##.....
 Frozen Ramparts          Ice            #.....       89%         3    ##.....
 Gell's Gravitas          Tloc           #.........   89%         3    ##.....
 Ignite Poison            Fire/Tmut/Pois #.......     89%         3    ##.....
 Lesser Beckoning         Tloc           #.........   89%         3    ##.....
 Mephitic Cloud           Conj/Pois/Air  #.......     89%         3    ##.....
 Recall                   Summ/Tloc      N/A          89%         3    ##.....
 Spider Form              Tmut/Pois      #.........   89%         3    ##.....
 Static Discharge         Conj/Air       #.......     89%         3    ##.....
 Stone Arrow              Conj/Erth      #.....       89%         3    ##.....
 Death Channel            Necr           #####.....   92%         6    #######
 Darkness                 Hex            #####.....   94%         6    #######
 Invisibility             Hex            #####...     94%         6    #######
 Borgnjor's Vile Clutch   Necr/Erth      ###.......   95%         5    ######.
 Metabolic Englaciation   Hex/Ice        ###.......   96%         5    ######.
 Yara's Violent Unravell  Hex/Tmut       ###.......   96%         5    ######.
 Iskenderun's Battlesphe  Conj/Chrm      ###.....     98%         5    ######.
 Airstrike                Air            #.........   100%        4    ####...
 Hailstorm                Conj/Ice       #.......     100%        4    ####...
 Ice Form                 Ice/Tmut       #.......     100%        4    ####...
 Iskenderun's Mystic Bla  Conj/Tloc      #.......     100%        4    ####...
 Olgreb's Toxic Radiance  Pois           #.......     100%        4    ####...
 Passage of Golubria      Tloc           N/A          100%        4    ####...
 Petrify                  Tmut/Erth      #.......     100%        4    ####...
 Sticky Flame             Conj/Fire      #.......     100%        4    ####...
 Summon Ice Beast         Ice/Summ       #.......     100%        4    ####...
 Summon Lightning Spire   Summ/Air       #.......     100%        4    ####...
 Alistair's Intoxication  Tmut/Pois      #.......     100%        5    ######.
 Blade Hands              Tmut           #.........   100%        5    ######.
 Bolt of Magma            Conj/Fire/Erth #.........   100%        5    ######.
 Fireball                 Conj/Fire      #.........   100%        5    ######.
 Lee's Rapid Deconstruct  Erth           #.........   100%        5    ######.
 Lightning Bolt           Conj/Air       #.........   100%        5    ######.
 Deflect Missiles         Chrm/Air       ###.......   100%        6    #######
 Dispersal                Tloc           #.........   100%        6    #######
 Freezing Cloud           Conj/Ice/Air   #.........   100%        6    #######
 Iron Shot                Conj/Erth      #.........   100%        6    #######
 Ozocubu's Refrigeration  Ice            #.........   100%        6    #######
 Simulacrum               Ice/Necr       ###.......   100%        6    #######
 Malign Gateway           Summ/Tloc      #.........   100%        7    #######
 Monstrous Menagerie      Summ           #.........   100%        7    #######
 Orb of Destruction       Conj           #.........   100%        7    #######
 Spellforged Servitor     Conj/Summ      #.........   100%        7    #######
 Summon Greater Demon     Summ           #.........   100%        7    #######
 Chain Lightning          Conj/Air       #.........   100%        8    #######
 Controlled Blink         Tloc           N/A          100%        8    #######
 Disjunction              Tloc           #.........   100%        8    #######
 Lehudib's Crystal Spear  Conj/Erth      #.........   100%        8    #######
 Summon Horrible Things   Summ           #.........   100%        8    #######
 Absolute Zero            Ice            #.........   100%        9    #######
 Fire Storm               Conj/Fire      #.........   100%        9    #######


Dungeon Overview and Level Annotations

Branches:
Dungeon (15/15)            Temple (1/1) D:7            Lair (6/6) D:9
 Shoals (4/4) Lair:2        Snake (4/4) Lair:4        Slime (5/5) Lair:5
    Orc (2/2) D:10            Elf (3/3) Orc:2        Vaults (4/5) D:14
  Crypt (0/3) Vaults:2     Depths (2/5) D:15          IceCv (visited)
Volcano (visited)          WizLab (visited)         Gauntlet (visited)

Altars:
Ashenzari
Cheibriados
Dithmenos
Elyvilon
Kikubaaqudgha
Okawaru
Ru
Uskayaw
Vehumet
Xom
Yredelemnul
Zin
The Shining One
Beogh
Jiyva

Shops:
D:5 (   D:10 !   D:11 }   Orc:2 =*[(=   Elf:1 *   Snake:3 ((   Vaults:2 [
Vaults:3 ?   Vaults:4 [[=   Depths:1 =}=

Portals:
Hell: Depths:1 Depths:2
Abyss: Lair:5 Depths:1 Depths:2
Pandemonium: Depths:2
Trove: D:12 (give +5 fire dragon scales)

Annotations:
D:4 2 runed translucent doors
D:5 2 runed translucent doors
D:14 Roxanne
Lair:5 2 transporters, Prakerore's ghost, journeyman HaAK
Slime:5 Royal Jelly


Innate Abilities, Weirdness & Mutations

You have a pair of large antennae on your head. (SInv)
You are completely covered in iridescent scales. (AC +6)
A demonic guardian rushes to your aid.
Your flesh is heat resistant. (rF+)
You can hurl damnation.
You may emit foul miasma when damaged in melee.
You are immune to rotting.
You are immune to clouds of flame.
You tend to lose your temper in combat.
Scrolls take you a little longer to read.
Your mind is acute. (Int +2)
Your spells are a little easier to cast, but a little less powerful.


Message History

The death ooze closely misses you.
The death ooze is engulfed in freezing vapours.
The acid blob hits you but does no damage.
The death ooze is engulfed in freezing vapours.
The acid blob is engulfed in freezing vapours.
The acid blob spits acid at you. The splash of acid hits you. You resist.
* * * LOW HITPOINT WARNING * * *
You are splashed with acid!
You resist.
* * * LOW HITPOINT WARNING * * *
The death ooze misses you. The death ooze closely misses you.
The acid blob spits acid at you.
The splash of acid hits you but does no damage.
The acid corrodes you!
You are splashed with acid.
You resist.
* * * LOW HITPOINT WARNING * * *
The acid blob spits acid at you. The splash of acid hits you. You resist.
* * * LOW HITPOINT WARNING * * *
You are splashed with acid.
You resist.
You die...

..............(
..... #... .......
. #.. ......... ..
#. ........# #J# ##
......... ##G. #(
........## #}##. #.
.........########..
#
.........#J@J#JJ...
..........J#JJJ#.._
........#########..
.........# $#=##.
........## [##..
........## )$#.#
.........## ##..#
.. ..........##
##.# #..
...........## #..
#....


You could see the Royal Jelly, 3 acid blobs, an azure jelly, an eye of
devastation and 4 death oozes.

Vanquished Creatures
  Mara (Depths:1)
  A juggernaut (Shoals:3)
  Saint Roka (Orc:2)
  A caustic shrike (Slime:5)
  2 golden dragons
  A bone dragon (Abyss:1)
  A tentacled monstrosity (Abyss:2)
  2 deep elf blademasters (Elf:3)
  15 acid blobs
  An eldritch tentacle (WizLab)
  2 titans (Snake:3)
  An Executioner (Abyss:2)
  2 deep elf master archers (Elf:3)
  4 sphinxes
  A tentacled starspawn (WizLab)
  2 shadow dragons
  A tengu reaver (Depths:1)
  5 azure jellies
  A storm dragon (Depths:1)
  15 nagarajas
  3 fire giants
  6 frost giants
  An iron dragon (Elf:1)
  2 emperor scorpions
  A deep elf sorcerer (Elf:3)
  3 vault wardens
  A draconian shifter (Abyss:1)
  A deep elf elementalist (Elf:3)
  2 draconian scorchers (Depths:2)
  Aizul (Snake:1)
  2 draconian stormcallers (Depths:2)
  2 ironheart preservers
  A reaper (WizLab)
  A ghoul (Vaults:4)
  A very ugly thing (Depths:1)
  A spriggan defender (Depths:1)
  An entropy weaver (D:14)
  12 stone giants
  A vampire knight (Vaults:2)
  2 minotaurs
  8 deep elf demonologists
  4 deep elf annihilators (Elf:3)
  A spark wasp (Depths:2)
  Azrael (Snake:1)
  A dire elephant (Lair:5)
  Snorg (Lair:3)
  A purple draconian (WizLab)
  7 ettins
  A crystal guardian (Vaults:3)
  4 merfolk javelineers
  2 death oozes (Slime:5)
  5 deep elf death magi
  4 fire dragons
  10 merfolk impalers
  9 vault guards
  3 yaktaur captains
  3 rakshasas
  4 deep elf high priests
  Josephine (Lair:6)
  10 great orbs of eyes
  4 ice dragons
  9 naga warriors
  A spriggan air mage (Depths:2)
  4 catoblepae
  8 hydras
  17 centaur warriors
  2 merfolk avatars
  Erica (D:8)
  4 merfolk aquamancers
  11 anacondas
  10 ogre magi
  35 two-headed ogres
  An alligator snapping turtle (Shoals:4)
  3 deep troll shamans (Depths:1)
  4 tengu warriors (D:14)
  2 satyrs (Shoals:3)
  28 dancing weapons
  3 death knights
  5 deep troll earth magi
  17 death yaks
  13 naga sharpshooters
  2 hell knights
  7 shock serpents
  A spriggan berserker (Depths:1)
  3 thrashing horrors
  17 deep elf knights
  2 sixfirhies (Abyss:2)
  2 shadow wraiths (WizLab)
  Sonja (Lair:5)
  4 small abominations
  An iron troll (Depths:1)
  A wretched star (Abyss:1)
  9 deep trolls
  3 unseen horrors
  6 skeletal warriors
  2 salamander mystics
  A deep troll (shapeshifter) (Elf:2)
  A death drake (Orc:2)
  8 glowing orange brains
  3 flayed ghosts
  15 sea snakes
  A swamp dragon (Slime:5)
  3 wizards
  An obsidian statue (WizLab)
  12 orc knights
  4 naga ritualists
  5 lindwurms
  15 deep elf archers
  10 harpies
  12 ironbrand convokers
  A harpy (shapeshifter) (D:14)
  7 mana vipers
  47 deep elf magi
  A wolf spider zombie (D:13)
  12 fauns
  3 necromancers
  4 shining eyes
  An orb spider (shapeshifter) (Vaults:2)
  2 wolf spiders (Vaults:1)
  37 ugly things
  2 oklob plants
  A sphinx skeleton (Vaults:2)
  3 orc sorcerers (Orc:2)
  A worldbinder (WizLab)
  12 cyclopes
  2 apocalypse crabs (Abyss:1)
  17 manticores
  10 salamanders
  3 ice statues (IceCv)
  3 elephants
  7 merfolk sirens
  18 naga magi
  28 black mambas
  2 centaur zombies
  2 orange demons (WizLab)
  13 guardian serpents
  3 smoke demons (Abyss:1)
  8 vault sentinels
  2 water nymphs
  5 centaur skeletons
  A torpor snail (Depths:1)
  A storm dragon simulacrum (Vaults:2)
  5 spiny frogs
  A spriggan skeleton (D:15)
  3 gargoyles
  6 komodo dragons
  3 eyes of devastation
  2 efreet (D:15)
  4 rime drakes (Depths:2)
  A yaktaur zombie (D:15)
  A yaktaur (shapeshifter) (Vaults:4)
  28 yaktaurs
  A demonspawn skeleton (WizLab)
  A kobold demonologist (D:12)
  4 freezing wraiths
  A tormentor (Abyss:2)
  3 ice devils
  A demonic crawler (WizLab)
  An ancient zyme (WizLab)
  A tengu conjurer (D:15)
  A queen bee (Snake:1)
  2 polar bears
  A meliai (Elf:2)
  A jumping spider (shapeshifter) (Vaults:3)
  26 merfolk
  6 trolls
  5 wind drakes
  A queen bee (shapeshifter) (Vaults:1)
  A tyrant leech (Elf:1)
  2 hornets
  25 blink frogs
  A wind drake (shapeshifter) (Vaults:4)
  7 raiju
  3 human simulacra
  56 slime creatures
  A blink frog (shapeshifter) (Abyss:2)
  8 snapping turtles
  6 dream sheep
  6 hippogriffs
  A hydra skeleton (Abyss:1)
  A dream sheep (shapeshifter) (Depths:1)
  The ghost of Perturabo the Shield-Bearer, an amateur GrFi (D:5)
  A hippogriff (shapeshifter) (Vaults:4)
  12 flying skulls
  11 water elementals
  A wyvern (shapeshifter) (Depths:2)
  4 vampires
  5 wraiths
  3 ynoxinuls
  An air elemental (Elf:2)
  A tarantella (Snake:2)
  A redback (Abyss:2)
  A yak (shapeshifter) (Depths:2)
  2 wyverns
  3 shadows
  A fire bat (Gauntlet)
  2 basilisks
  6 golden eyes
  13 yaks
  2 chaos spawn
  3 fire elementals
  A neqoxec (Abyss:2)
  6 large abominations
  10 vampire mosquitoes
  3 steam dragons
  4 spatial vortices (WizLab)
  A yaktaur simulacrum (Vaults:3)
  2 insubstantial wisps (WizLab)
  4 hell hounds
  4 wargs
  34 nagas
  A swamp worm (Lair:4)
  6 acid dragons
  A soldier ant (D:13)
  13 water moccasins
  2 floating eyes
  A tengu skeleton (D:15)
  2 porcupines
  A spiny frog skeleton (Abyss:2)
  6 sky beasts
  A phantom (D:11)
  9 eyes of draining
  36 orc warriors
  A sky beast (shapeshifter) (Elf:3)
  4 ice beasts
  3 black bears
  2 necrophages
  28 ogres
  15 starcursed masses
  An ogre (shapeshifter) (Vaults:1)
  27 wolves
  37 centaurs
  5 boggarts (Depths:2)
  9 crocodiles
  3 big kobolds
  14 bullfrogs
  2 gnoll sergeants (D:10)
  2 wyvern skeletons
  4 earth elementals
  4 scorpions
  9 killer bees
  11 wights
  2 electric eels
  9 howler monkeys
  9 crimson imps
  2 bullfrog zombies
  3 quasits (Abyss:2)
  18 orc priests
  6 hounds
  2 iron imps (WizLab)
  3 jellies
  24 orc wizards
  A bullfrog skeleton (D:12)
  Terence (D:3)
  7 iguanas
  A hell rat (Snake:1)
  13 worker ants
  A hound skeleton (D:7)
  A howler monkey zombie (D:7)
  A worker ant zombie (D:11)
  Robin (D:2)
  22 adders
  9 gnolls
  A river rat (Orc:1)
  7 shadow imps
  4 white imps
  3 ufetubi
  An ooze (D:7)
  2 adder skeletons
  5 worms
  2 dart slugs
  A leopard gecko (D:1)
  77 orcs
  3 ball pythons
  A bat (D:2)
  5 giant cockroaches
  12 goblins
  12 hobgoblins
  2 jackals (D:1)
  2 quokkas
  4 frilled lizards
  A jackal zombie (D:6)
  19 kobolds
  A leopard gecko skeleton (D:6)
  A quokka skeleton (D:4)
  14 rats
  A bush (Lair:6)
  3 crawling corpses (Elf:1)
  2 lurking horrors
  2 starspawn tentacles (WizLab)
1733 creatures vanquished.

Vanquished Creatures (collateral kills)
  Rupert (Lair:5)
  A deep elf master archer (Snake:3)
  An acid blob (Slime:4)
  A tentacled starspawn (Abyss:1)
  3 nagarajas
  2 azure jellies (Slime:3)
  A deep elf sorcerer (Elf:3)
  2 vault wardens
  2 frost giants
  3 ironheart preservers
  A merfolk impaler (Shoals:3)
  2 deep elf death magi (Vaults:4)
  A death ooze (Slime:5)
  A yaktaur captain (Vaults:4)
  3 fire dragons
  3 ogre magi
  An ice dragon (Depths:1)
  2 hydras
  A naga warrior (Snake:4)
  A catoblepas (Lair:4)
  2 anacondas (Snake:3)
  A centaur warrior (Vaults:3)
  A merfolk aquamancer (Shoals:4)
  8 two-headed ogres
  12 death yaks
  2 satyrs
  An alligator (Vaults:4)
  A deep troll earth mage (Depths:1)
  2 naga sharpshooters
  A tengu warrior (Snake:3)
  An orc high priest (Orc:2)
  A fire crab (Gauntlet)
  A quicksilver dragon simulacrum (Depths:2)
  A sixfirhy (Gauntlet)
  A deep troll (Depths:2)
  A necromancer (Depths:2)
  2 deep elf archers (Elf:2)
  Pikel (D:8)
  2 harpies (Shoals:1)
  6 fauns
  An orb spider (D:11)
  6 deep elf magi
  A wolf spider (D:14)
  3 manticores
  5 ugly things
  3 salamanders
  3 black mambas
  A guardian serpent (Snake:4)
  A merfolk siren (Shoals:3)
  3 elephants (Lair:6)
  A centaur zombie (D:10)
  An elf zombie (Depths:2)
  2 orange demons
  3 spiny frogs
  2 naga magi
  A frost giant skeleton (Depths:2)
  Maggie (D:8)
  A rime drake (shapeshifter) (Vaults:1)
  8 yaktaurs
  8 starcursed masses
  A meliai (Lair:4)
  6 merfolk
  2 hornets
  2 trolls (D:10)
  A tyrant leech (Lair:6)
  A polar bear (Lair:6)
  4 blink frogs
  A hippogriff (Shoals:3)
  A spriggan zombie (Depths:2)
  A dream sheep (Shoals:3)
  A snapping turtle (Shoals:3)
  An air elemental (Elf:1)
  A spriggan skeleton (D:15)
  A spriggan (Lair:3)
  The ghost of omer1ben the Digger, an amateur GrEE (D:3)
  A wyvern (D:8)
  A wraith (Lair:6)
  2 water elementals (Shoals:3)
  7 yaks
  3 basilisks
  2 golden eyes (Slime:2)
  A hungry ghost (D:8)
  2 vampire mosquitoes (D:10)
  2 nagas
  A warg (Orc:2)
  A spatial vortex (WizLab)
  3 water moccasins (Lair:4)
  2 hell hounds
  3 porcupines
  A swamp drake (Depths:2)
  5 ice beasts
  A slave (D:8)
  5 orc warriors
  A sky beast (D:8)
  An eye of draining (Slime:3)
  6 ogres
  4 centaurs
  7 wolves
  3 crocodiles
  A big kobold (D:10)
  2 earth elementals (Elf:2)
  2 bullfrogs (Lair:2)
  A scorpion (D:6)
  A wight (D:9)
  A crimson imp (D:6)
  3 howler monkeys
  A bullfrog zombie (D:8)
  4 orc priests
  2 orc wizards
  2 worker ants
  6 gnolls
  6 adders
  An ufetubus (Gauntlet)
  13 orcs
  A crawling corpse (Elf:1)
  2 plants
275 creatures vanquished.

Vanquished Creatures (others)
  A yellow draconian (Abyss:2)
  A vault guard (Vaults:3)
  A merfolk aquamancer (Shoals:4)
  An ironbrand convoker (Vaults:4)
  A salamander (Volcano)
  A yaktaur (Vaults:3)
  An orc warrior (Vaults:3)
  An orc priest (Elf:1)
  An orc wizard (Vaults:3)
  6 orcs
  2 demonic plants
  18 fungi
  8 plants
  10 spectral weapons
  5 starspawn tentacles
  A withered plant (D:5)
59 creatures vanquished.

Grand Total: 2067 creatures vanquished

Notes
Turn   | Place    | Note
-------+----------+-------------------------------------------
     0 | D:1      | Fukker the Demonspawn Wanderer began the quest for the Orb.
     0 | D:1      | Fukker set off with the following items: a +2 short sword,
                  | a +0 ring mail, a potion of curing, a ration
     0 | D:1      | Reached XP level 1. HP: 16/16 MP: 1/1
   199 | D:1      | Gained mutation: A weak demonic guardian rushes to your
                  | aid. [demonic ancestry]
   199 | D:1      | Reached XP level 2. HP: 6/22 MP: 2/2
  1407 | D:2      | Gained mutation: You are partially covered in iridescent
                  | scales. (AC +2) [demonic ancestry]
  1407 | D:2      | Reached XP level 3. HP: 18/27 MP: 3/3
  1706 | D:2      | Noticed Robin
  1769 | D:2      | Gained mutation: You are mostly covered in iridescent
                  | scales. (AC +4) [demonic ancestry]
  1769 | D:2      | Reached XP level 4. HP: 30/33 MP: 4/4
  1945 | D:2      | Killed Robin
  2148 | D:2      | Reached skill level 5 in Short Blades
  2512 | D:3      | Noticed Terence
  2522 | D:3      | Killed Terence
  2522 | D:3      | Gained mutation: You are immune to rotting. [demonic
                  | ancestry]
  2522 | D:3      | Reached XP level 5. HP: 25/38 MP: 2/5
  2804 | D:3      | Found a runed translucent door.
  2806 | D:3      | Noticed omer1ben's ghost (amateur GrEE)
  3214 | D:3      | Gained mutation: A demonic guardian rushes to your aid.
                  | [demonic ancestry]
  3214 | D:3      | Reached XP level 6. HP: 43/44 MP: 5/7
  3379 | D:3      | Found a white marble altar of Elyvilon.
  3399 | D:3      | Learned a level 1 spell: Animate Skeleton
  3989 | D:4      | Found a snail-covered altar of Cheibriados.
  4053 | D:4      | Found a large runed translucent door.
  4054 | D:4      | Found a large runed translucent door.
  4154 | D:4      | Found a large runed translucent door.
  4154 | D:4      | Found a large runed translucent door.
  4186 | D:4      | Reached skill level 1 in Necromancy
  4570 | D:4      | Found a radiant altar of Vehumet.
  4808 | D:4      | Reached XP level 7. HP: 33/50 MP: 5/8
  4940 | D:5      | Entered Level 5 of the Dungeon
  4968 | D:5      | Got a twisted trident
  4969 | D:5      | Identified the +7 trident of Responsibility {vorpal, Int+2}
                  | (You found it on level 5 of the Dungeon)
  5034 | D:5      | Found a runed translucent door.
  5034 | D:5      | Noticed Perturabo's ghost (amateur GrFi)
  5073 | D:5      | Reached skill level 1 in Polearms
  5133 | D:5      | Found a runed translucent door.
  5154 | D:5      | Found a runed translucent door.
  5232 | D:5      | Found Weummian's Weapon Shoppe.
  5422 | D:6      | Found a shimmering altar of Xom.
  5714 | D:6      | Reached skill level 1 in Long Blades
  5792 | D:6      | Reached skill level 2 in Long Blades
  5803 | D:6      | Gained mutation: You have a pair of small antennae on your
                  | head. [demonic ancestry]
  5803 | D:6      | Reached XP level 8. HP: 56/56 MP: 10/10
  5841 | D:6      | Found a shattered altar of Ashenzari.
  5969 | D:6      | Reached skill level 3 in Long Blades
  6063 | D:6      | Reached skill level 4 in Long Blades
  6709 | D:7      | Found a staircase to the Ecumenical Temple.
  6718 | Temple   | Entered the Ecumenical Temple
  6732 | Temple   | Became a worshipper of Warmaster Okawaru
  6816 | D:7      | Reached skill level 1 in Shields
  6835 | D:7      | Reached skill level 5 in Polearms
  6923 | D:7      | Noticed a hornet
  6927 | D:7      | Killed a hornet
  7079 | D:7      | Reached XP level 9. HP: 44/61 MP: 7/11
  7222 | D:8      | Noticed Erica
  7230 | D:8      | Killed Erica
  7230 | D:8      | Reached * piety under Okawaru
  7237 | D:8      | Noticed Maggie
  7241 | D:8      | Killed Maggie
  7241 | D:8      | Reached ** piety under Okawaru
  7241 | D:8      | Reached skill level 1 in Invocations
  7373 | D:3      | Killed omer1ben's ghost
  7586 | D:5      | Killed Perturabo's ghost
  7586 | D:5      | Reached skill level 5 in Invocations
  8102 | D:8      | Reached *** piety under Okawaru
  8107 | D:8      | Noticed Pikel
  8110 | D:8      | Killed Pikel
  8110 | D:8      | Gained mutation: You have a pair of antennae on your head.
                  | [demonic ancestry]
  8110 | D:8      | Reached XP level 10. HP: 58/68 MP: 10/13
  8133 | D:8      | Found a glowing silver altar of Zin.
  8491 | D:9      | Noticed a gargoyle
  8504 | D:9      | Killed a gargoyle
  8515 | D:9      | Identified a scroll of acquirement
  8646 | D:9      | Reached **** piety under Okawaru
  8795 | D:9      | Found a shadowy altar of Dithmenos.
  8876 | D:9      | Noticed an elephant
  8882 | D:9      | Received a gift from Okawaru
  8992 | D:9      | Killed an elephant
  8995 | D:9      | Found a staircase to the Lair.
  9074 | Lair:1   | Entered Level 1 of the Lair of Beasts
  9087 | Lair:1   | Found a dark tunnel.
  9103 | Volcano  | Entered a volcano
  9122 | Volcano  | Noticed a salamander
  9138 | Volcano  | Killed a salamander
  9141 | Volcano  | Noticed a hell knight
  9150 | Volcano  | Killed a hell knight
  9219 | Volcano  | Noticed a salamander
  9227 | Volcano  | Killed a salamander
  9227 | Volcano  | Reached skill level 5 in Shields
  9252 | Volcano  | Noticed a salamander
  9252 | Volcano  | Noticed a salamander
  9252 | Volcano  | Noticed a salamander mystic
  9265 | Volcano  | Killed a salamander
  9269 | Volcano  | Killed a salamander
  9269 | Volcano  | Reached ***** piety under Okawaru
  9269 | Volcano  | Reached skill level 5 in Fighting
  9280 | Volcano  | Killed a salamander mystic
  9494 | Lair:1   | Noticed an eight-headed hydra
  9510 | Lair:1   | Killed an eight-headed hydra
  9510 | Lair:1   | Received a gift from Okawaru
  9510 | Lair:1   | Reached XP level 11. HP: 74/80 MP: 11/14
  9543 | Lair:1   | Reached skill level 5 in Evocations
 10218 | D:10     | Entered Level 10 of the Dungeon
 10225 | D:10     | Received a gift from Okawaru
 10226 | D:10     | Found the +5 robe of Night {Dark MR+ SInv}
 10290 | D:10     | Noticed a two-headed ogre
 10295 | D:10     | Killed a two-headed ogre
 10520 | D:10     | Found Yptaoq's Distillery.
 10535 | D:10     | Bought a potion of haste for 140 gold pieces
 10535 | D:10     | Bought a potion of heal wounds for 70 gold pieces
 10700 | D:10     | Learned a level 3 spell: Spectral Weapon
 10771 | D:10     | Found a staircase to the Orcish Mines.
 11142 | Lair:2   | Found a gate leading to a gauntlet.
 11161 | Gauntlet | Entered a Gauntlet
 11161 | Gauntlet | Found a transporter.
 11171 | Gauntlet | Noticed an oklob plant
 11174 | Gauntlet | Found a transporter.
 11186 | Gauntlet | Found a transporter.
 11187 | Gauntlet | Found a transporter.
 11189 | Gauntlet | Noticed a fire crab
 11200 | Gauntlet | Found a transporter.
 11217 | Gauntlet | Found a transporter.
 11223 | Gauntlet | Found a transporter.
 11239 | Gauntlet | Found a transporter.
 11244 | Gauntlet | Found a transporter.
 11257 | Gauntlet | Found a transporter.
 11259 | Gauntlet | Found a transporter.
 11261 | Gauntlet | Found a transporter.
 11270 | Gauntlet | Noticed a sixfirhy
 11274 | Gauntlet | Found the +11 plutonium sword {*Contam Stlth-}
 11313 | Gauntlet | Found a transporter.
 11318 | Gauntlet | Found a transporter.
 11462 | Gauntlet | Killed an oklob plant
 11648 | Gauntlet | Killed a sixfirhy
 11648 | Gauntlet | Reached skill level 1 in Hexes
 11796 | Gauntlet | Reached skill level 1 in Charms
 11796 | Gauntlet | Killed a fire crab
 11972 | Gauntlet | Identified the cursed +0 spear of the Warrior-Mage {freeze,
                  | *Slow rF++}
 11972 | Gauntlet | Noticed a minotaur
 11997 | Gauntlet | Killed a minotaur
 12006 | Gauntlet | Got a translucent golden amulet
 12196 | Lair:2   | Identified the amulet "Acoel" {Inacc Int+2 SInv Stlth+}
                  | (You found it in a Gauntlet)
 12376 | Lair:2   | Received a gift from Okawaru
 12538 | Lair:2   | Found a staircase to the Shoals.
 12730 | Lair:3   | Reached skill level 5 in Long Blades
 12737 | Lair:3   | Gained mutation: You have a pair of large antennae on your
                  | head. (SInv) [demonic ancestry]
 12737 | Lair:3   | Reached XP level 12. HP: 91/91 MP: 16/16
 12753 | Lair:3   | Reached skill level 6 in Long Blades
 12847 | Lair:3   | Reached skill level 7 in Long Blades
 12849 | Lair:3   | Found a frozen archway.
 13011 | IceCv    | Entered an ice cave
 13082 | IceCv    | Reached skill level 8 in Long Blades
 13381 | Lair:3   | Noticed Snorg
 13395 | Lair:3   | Killed Snorg
 13916 | Lair:3   | Reached skill level 1 in Spellcasting
 14146 | Lair:4   | Reached skill level 9 in Long Blades
 14246 | Lair:4   | Learned a level 1 spell: Summon Butterflies
 14281 | Lair:4   | Noticed a death yak
 14281 | Lair:4   | Noticed a death yak
 14302 | Lair:4   | Noticed a death yak
 14302 | Lair:4   | Noticed a death yak
 14303 | Lair:4   | Noticed a death yak
 14309 | Lair:4   | Killed a death yak
 14313 | Lair:4   | Killed a death yak
 14314 | Lair:4   | Noticed a death yak
 14330 | Lair:4   | Killed a death yak
 14330 | Lair:4   | Received a gift from Okawaru
 14331 | Lair:4   | Killed a death yak
 14337 | Lair:4   | Killed a death yak
 14337 | Lair:4   | Reached skill level 10 in Long Blades
 14346 | Lair:4   | Killed a death yak
 14346 | Lair:4   | Received a gift from Okawaru
 14416 | Lair:4   | Found a staircase to the Snake Pit.
 14709 | Lair:4   | Reached XP level 13. HP: 94/98 MP: 14/17
 15116 | Lair:4   | Reached skill level 11 in Long Blades
 15486 | Orc:1    | Entered Level 1 of the Orcish Mines
 15997 | Orc:2    | Entered Level 2 of the Orcish Mines
 16033 | Orc:2    | Found Konayciz's Jewellery Shoppe.
 16204 | Orc:2    | Found an iron altar of Okawaru.
 16423 | Orc:2    | Noticed Saint Roka
 16448 | Orc:2    | Killed Saint Roka
 16448 | Orc:2    | Received a gift from Okawaru
 16448 | Orc:2    | Reached skill level 12 in Long Blades
 16680 | Orc:2    | Noticed Urug
 16688 | Orc:2    | Noticed Urug
 16688 | Orc:2    | Urug changed into Urug the death drake
 16691 | Orc:2    | Killed Urug the death drake
 16985 | Orc:2    | Found a roughly hewn altar of Beogh.
 17035 | Orc:2    | Found Huum's Antique Armour Boutique.
 17077 | Orc:2    | Found a staircase to the Elven Halls.
 17126 | Orc:2    | Found Kixuegri's Jewellery Boutique.
 17244 | Orc:2    | Found Xarhaoji's General Store.
 17250 | Orc:2    | Bought 2 potions of heal wounds for 130 gold pieces
 17266 | Orc:2    | Found Ocsool's Antique Weapon Boutique.
 17345 | Orc:2    | Bought the ring "Egampei" {rPois EV+4} for 708 gold pieces
 17555 | D:11     | Found Plog's Gadget Shoppe.
 17575 | D:11     | Bought a wand of digging (8) for 432 gold pieces
 17609 | D:11     | Reached ****** piety under Okawaru
 18489 | D:12     | Found a portal to a secret trove of treasure.
 18592 | D:12     | Reached skill level 13 in Long Blades
 19055 | Lair:5   | Noticed Rupert
 19064 | Lair:5   | Killed Rupert
 19064 | Lair:5   | Received a gift from Okawaru
 19184 | Lair:5   | Gained mutation: Your flesh is heat resistant. (rF+)
                  | [demonic ancestry]
 19184 | Lair:5   | Reached XP level 14. HP: 106/106 MP: 15/19
 19199 | Lair:5   | Noticed Sonja
 19204 | Lair:5   | Killed Sonja
 19477 | Lair:5   | Noticed Prakerore's ghost (journeyman HaAK)
 19487 | Lair:5   | Found a transporter.
 19487 | Lair:5   | Found a one-way gate to the infinite horrors of the Abyss.
 19498 | Lair:5   | Found a transporter.
 19674 | Lair:5   | Found a staircase to the Slime Pits.
 19675 | Lair:5   | Found a viscous altar of Jiyva.
 20003 | Lair:6   | Entered Level 6 of the Lair of Beasts
 20097 | Lair:6   | Noticed a ghost moth
 20097 | Lair:6   | a death yak changed into a ghost moth
 20102 | Lair:6   | a ghost moth changed into a tyrant leech
 20125 | Lair:6   | Reached skill level 14 in Long Blades
 20387 | Lair:6   | Noticed Josephine
 20396 | Lair:6   | Killed Josephine
 20405 | Lair:6   | Received a gift from Okawaru
 21114 | Lair:6   | Reached skill level 5 in Throwing
 21134 | Lair:6   | Noticed an azure jelly
 21134 | Lair:6   | a catoblepas changed into an azure jelly
 21138 | Lair:6   | Killed an azure jelly
 21156 | Lair:6   | Learned a level 2 spell: Song of Slaying
 21160 | Lair:6   | Learned a level 3 spell: Confusing Touch
 21758 | D:13     | Received a gift from Okawaru
 21904 | D:13     | Reached XP level 15. HP: 110/115 MP: 17/21
 21922 | D:13     | Identified the Catalogue of Enthralling Confrontation
 21930 | D:13     | Found a sacrificial altar of Ru.
 21936 | D:13     | Reached skill level 10 in Fighting
 22300 | D:13     | Reached skill level 5 in Dodging
 22635 | D:14     | Received a gift from Okawaru
 23211 | D:14     | Got a translucent platinum amulet
 23218 | D:14     | Identified the amulet "Apnin" {Reflect MR+ MP-9 Dex+4 SH+3}
 23886 | D:14     | Found a gate to the Vaults.
 23902 | D:14     | Received a gift from Okawaru
 23913 | D:14     | Identified the ring of Keughum {rPois MR+++ MP+9 Slay-4
                  | Stlth-}
 23948 | D:14     | Noticed Roxanne
 24018 | D:14     | Identified the amulet "Atu Sitz" {Gourm MP+9 Int+5}
 24026 | D:14     | Identified the amulet "Qetoseam" {*Slow rPois rF- Regen+
                  | SInv} (You found it on level 14 of the Dungeon)
 24712 | Snake:1  | Entered Level 1 of the Snake Pit
 25959 | Snake:1  | Noticed a nagaraja
 25969 | Snake:1  | a nagaraja changed into a death yak
 26156 | Snake:1  | Cast into level 1 of the Abyss (naga)
 26232 | Abyss:1  | Received a gift from Okawaru
 26271 | Abyss:1  | Paralysed by accursed screaming for 1 turns
 26477 | Abyss:1  | Noticed a tentacled starspawn
 26489 | Abyss:1  | Paralysed by accursed screaming for 1 turns
 26492 | Abyss:1  | Killed a tentacled starspawn
 26492 | Abyss:1  | Received a gift from Okawaru
 26520 | Abyss:1  | Reached XP level 16. HP: 42/127 MP: 23/23
 26853 | Abyss:1  | Noticed a bone dragon
 26873 | Abyss:1  | Killed a bone dragon
 26875 | Snake:1  | Escaped the Abyss
 26993 | Snake:1  | Noticed Azrael
 27009 | Snake:1  | Killed Azrael
 27437 | Snake:1  | Noticed Aizul
 27447 | Snake:1  | Killed Aizul
 28237 | Snake:1  | Received a gift from Okawaru
 28539 | Snake:1  | Upgraded the game from 0.25-a0-743-g84dc20635f to
                  | 0.25-a0-774-g40ae2d4f90
 28606 | Snake:2  | Reached skill level 10 in Evocations
 28978 | D:15     | Entered Level 15 of the Dungeon
 29563 | D:15     | Received a gift from Okawaru
 29564 | D:15     | Found a staircase to the Depths.
 29576 | D:15     | Reached skill level 10 in Invocations
 30491 | Shoals:1 | Entered Level 1 of the Shoals
 30943 | Shoals:1 | Reached skill level 15 in Long Blades
 30966 | Shoals:1 | Reached skill level 10 in Dodging
 33373 | Snake:2  | Gained mutation: You may emit foul miasma when damaged in
                  | melee. [demonic ancestry]
 33373 | Snake:2  | Reached XP level 17. HP: 135/135 MP: 24/24
 33696 | Snake:2  | Reached skill level 5 in Armour
 33953 | Snake:2  | Received a gift from Okawaru
 35271 | Snake:3  | Was placed under penance by Okawaru
 35273 | Snake:3  | Upgraded the game from 0.25-a0-774-g40ae2d4f90 to
                  | 0.25-a0-781-gc44aebf4fe
 35525 | Snake:3  | Found Hyirr's Weapon Shoppe.
 35531 | Snake:3  | Found Giucu Izu's Weapon Shoppe.
 35766 | Snake:3  | Noticed a titan
 35766 | Snake:3  | Noticed a titan
 35766 | Snake:3  | Noticed a deep elf master archer
 36035 | Elf:1    | Entered Level 1 of the Elven Halls
 36042 | Elf:1    | Was forgiven by Okawaru
 36381 | Elf:1    | Got a faintly humming scale mail
 36392 | Elf:1    | Identified the +4 scale mail of Zuc Beawk {Dex+7} (You
                  | found it on level 1 of the Elven Halls)
 36601 | Elf:1    | Identified the ring of Boxoryin {MR+ Str+2 Int+6 Dex+4}
                  | (You acquired it on level 1 of the Elven Halls)
 36601 | Elf:1    | Identified the +2 demon blade of Otomil Xaga {drain, rC+
                  | Stlth+} (You acquired it on level 1 of the Elven Halls)
 36809 | Elf:1    | Found Sib Vadeick's Assorted Antiques.
 36820 | Elf:1    | Bought a scroll of teleportation for 87 gold pieces
 36820 | Elf:1    | Bought a scroll of identify for 58 gold pieces
 36820 | Elf:1    | Bought 2 potions of heal wounds for 290 gold pieces
 36820 | Elf:1    | Bought a scroll of fog for 58 gold pieces
 36820 | Elf:1    | Bought a scroll of teleportation for 87 gold pieces
 36996 | Elf:1    | Received a gift from Okawaru
 37001 | Elf:1    | Reached skill level 10 in Armour
 37476 | Elf:1    | Found a runed translucent gate.
 37476 | Elf:1    | Found a runed translucent gate.
 37476 | Elf:1    | Found a runed translucent gate.
 37476 | Elf:1    | Found a runed translucent gate.
 37476 | Elf:1    | Found a runed translucent gate.
 37482 | Elf:1    | Found a runed translucent gate.
 37644 | Elf:1    | Identified the +1 demon blade "Pieddep" {flame, rElec} (You
                  | acquired it on level 1 of the Elven Halls)
 37644 | Elf:1    | Identified the amulet "Etsodir" {+Rage rPois} (You acquired
                  | it on level 1 of the Elven Halls)
 38402 | Snake:3  | Killed a titan
 38957 | Snake:3  | Killed a deep elf master archer
 39050 | Snake:4  | Entered Level 4 of the Snake Pit
 39075 | Snake:3  | Killed a titan
 39471 | Snake:4  | Gained mutation: You are immune to clouds of flame.
                  | [demonic ancestry]
 39471 | Snake:4  | Reached XP level 18. HP: 130/143 MP: 23/25
 39794 | Snake:4  | Reached skill level 10 in Throwing
 40343 | Snake:4  | Received a gift from Okawaru
 40480 | Snake:4  | Received a gift from Okawaru
 40982 | Snake:4  | Received a gift from Okawaru
 41269 | Snake:4  | Got a serpentine rune of Zot
 42441 | Shoals:2 | Reached skill level 16 in Long Blades
 43801 | Shoals:3 | Noticed Bai Suzhen
 43810 | Shoals:3 | Noticed Bai Suzhen
 43810 | Shoals:3 | Bai Suzhen changed into Bai Suzhen the juggernaut
 43822 | Shoals:3 | Killed Bai Suzhen the juggernaut
 43825 | Shoals:3 | Received a gift from Okawaru
 44259 | Shoals:3 | Received a gift from Okawaru
 44591 | Shoals:3 | Reached XP level 19. HP: 135/150 MP: 23/26
 44664 | Shoals:3 | Received a gift from Okawaru
 44972 | Shoals:4 | Entered Level 4 of the Shoals
 45542 | Shoals:4 | Cast into level 2 of the Abyss (merfolk impaler)
 45599 | Abyss:2  | Found a sparkling altar of Nemelex Xobeh.
 46310 | Shoals:4 | Escaped the Abyss
 46710 | Shoals:4 | Reached skill level 17 in Long Blades
 46738 | Shoals:4 | Identified the +2 scale mail of Kulenwesa {Dex+5} (You
                  | acquired it on level 4 of the Shoals)
 47605 | Shoals:4 | Got a barnacled rune of Zot
 47658 | Shoals:4 | Received a gift from Okawaru
 47840 | Shoals:4 | Reached skill level 5 in Hexes
 47844 | Shoals:4 | Received a gift from Okawaru
 48489 | Vaults:1 | Entered Level 1 of the Vaults
 48732 | Vaults:1 | Identified the Catalogue of the Voyage and the Rocks
 48739 | Vaults:1 | Learned a level 4 spell: Animate Dead
 48809 | Vaults:1 | You are sucked into a shaft and drop 1 floor!
 48826 | Vaults:2 | Received a gift from Okawaru
 49151 | Vaults:1 | Reached skill level 5 in Charms
 50429 | Vaults:2 | Found a staircase to the Crypt.
 50461 | Vaults:2 | You are sucked into a shaft and drop 2 floors!
 50470 | Vaults:4 | Reached XP level 20. HP: 70/159 MP: 12/27
 50476 | Vaults:4 | Found Gaofonu's Jewellery Emporium.
 50858 | Vaults:4 | Found Omourph's Antique Armour Shop.
 51936 | Vaults:2 | Received a gift from Okawaru
 52030 | Vaults:2 | Found Lujaf's Armour Shop.
 52439 | Vaults:2 | Received a gift from Okawaru
 52559 | Vaults:3 | Received a gift from Okawaru
 52952 | Vaults:3 | Received a gift from Okawaru
 53341 | Vaults:3 | Got a wavering silver ring
 53351 | Vaults:3 | Identified the ring of Pux Nyar {MR+ Int+5} (You found it
                  | on level 3 of the Vaults)
 53463 | Vaults:3 | Received a gift from Okawaru
 53792 | Vaults:3 | Reached skill level 1 in Stealth
 53828 | Vaults:3 | Reached skill level 18 in Long Blades
 53911 | Vaults:3 | Found Ehic's Magic Scroll Boutique.
 53925 | Vaults:3 | Bought a scroll of blinking for 90 gold pieces
 53925 | Vaults:3 | Bought a scroll of identify for 24 gold pieces
 53925 | Vaults:3 | Bought a scroll of identify for 24 gold pieces
 53925 | Vaults:3 | Bought a scroll of acquirement for 624 gold pieces
 53925 | Vaults:3 | Bought a scroll of identify for 24 gold pieces
 54184 | Vaults:4 | Received a gift from Okawaru
 54315 | Vaults:4 | Received a gift from Okawaru
 54793 | Vaults:4 | Found Rystiloc's Antique Armour Shoppe.
 55771 | Depths:1 | Entered Level 1 of the Depths
 56193 | Depths:1 | Reached skill level 5 in Necromancy
 56198 | Depths:1 | Gained mutation: You are completely covered in iridescent
                  | scales. (AC +6) [demonic ancestry]
 56198 | Depths:1 | Reached XP level 21. HP: 29/165 MP: 6/28
 57324 | Depths:1 | Found Zacheyre's Jewellery Boutique.
 57324 | Depths:1 | Found Aturuoc's Gadget Shoppe.
 57325 | Depths:1 | Found Jenoc's Jewellery Boutique.
 57330 | Depths:1 | Bought the ring of Uskayaw's Favour {rElec rF+ Int+4 Dex+2}
                  | for 991 gold pieces
 57356 | Depths:1 | Noticed Mara
 57380 | Depths:1 | Noticed Fukker's illusion
 57383 | Depths:1 | Noticed Fukker
 57383 | Depths:1 | Fukker's illusion changed into Fukker the juggernaut
 57413 | Depths:1 | Killed Mara
 57413 | Depths:1 | Received a gift from Okawaru
 57660 | Depths:1 | Found a gateway to Hell.
 58763 | Depths:1 | Received a gift from Okawaru
 58770 | Depths:1 | Reached skill level 19 in Long Blades
 58775 | Depths:1 | Upgraded the game from 0.25-a0-781-gc44aebf4fe to
                  | 0.25-a0-785-gb22c70e859
 58786 | Depths:2 | Paralysed by a floating eye for 3 turns
 59175 | Depths:2 | Received a gift from Okawaru
 59642 | Depths:2 | Paralysed by a floating eye for 2 turns
 60249 | Depths:2 | Noticed a golden dragon
 60258 | Depths:2 | Killed a golden dragon
 60258 | Depths:2 | Received a gift from Okawaru
 60436 | Depths:2 | Reached skill level 15 in Fighting
 60494 | Depths:2 | Identified the cursed +0 pair of gloves of the Lily {MR++}
                  | (You found it on level 2 of the Depths)
 60649 | Depths:2 | Received a gift from Okawaru
 60959 | Depths:2 | Found a one-way gate leading to the halls of Pandemonium.
 61324 | Elf:2    | Received a gift from Okawaru
 61471 | Elf:2    | Found a runed translucent gate.
 61471 | Elf:2    | Found a runed translucent gate.
 61475 | Elf:2    | Found a runed translucent gate.
 61971 | Elf:2    | Received a gift from Okawaru
 61971 | Elf:2    | Gained mutation: You can hurl damnation. [demonic ancestry]
 61971 | Elf:2    | Reached XP level 22. HP: 89/176 MP: 13/31
 62419 | Elf:2    | Received a gift from Okawaru
 62422 | Elf:2    | Identified the +11 eveningstar of the Grave {flame, Dex+4}
                  | (Okawaru gifted it to you on level 2 of the Elven Halls)
 62514 | Elf:3    | Entered Level 3 of the Elven Halls
 62514 | Elf:3    | Noticed Asterion
 62548 | Elf:3    | Noticed Asterion
 62548 | Elf:3    | Asterion changed into Asterion the stone giant
 62549 | Elf:3    | Killed Asterion the stone giant
 62735 | Elf:3    | Found a magical portal.
 62743 | WizLab   | Entered The Roulette of Golubria
 62743 | WizLab   | Found a transporter.
 62750 | WizLab   | Found a corrupted altar of Lugonu.
 62773 | WizLab   | Found a transporter.
 62803 | WizLab   | Found a transporter.
 62865 | WizLab   | Found a transporter.
 62905 | WizLab   | Found a transporter.
 62910 | WizLab   | Found a corrupted altar of Lugonu.
 62962 | WizLab   | Found a transporter.
 62967 | WizLab   | Found a transporter.
 63040 | WizLab   | Found a transporter.
 63077 | WizLab   | Found a transporter.
 63101 | WizLab   | Found a transporter.
 63128 | WizLab   | Found a transporter.
 63128 | WizLab   | Found a transporter.
 63364 | WizLab   | Found a transporter.
 63364 | WizLab   | Found a transporter.
 63523 | WizLab   | Found a transporter.
 63620 | WizLab   | Identified the ring of the Crown {rPois Int+2}
 63620 | WizLab   | Found a transporter.
 63620 | WizLab   | Found a transporter.
 63645 | WizLab   | Found a transporter.
 63693 | WizLab   | Identified the +2 cloak "Luet" {+Inv rCorr Str-3 Dex+3}
                  | (You found it in a wizard's laboratory)
 63791 | WizLab   | Found a transporter.
 63791 | WizLab   | Found a transporter.
 64381 | Elf:3    | Received a gift from Okawaru
 64387 | Elf:3    | Received a gift from Okawaru
 64846 | Elf:3    | Received a gift from Okawaru
 65982 | Elf:3    | Identified the Grimoire of the Floating Blaze
 65998 | Elf:3    | Got a warped lead ring
 65999 | Elf:3    | Identified the ring "Ampas" {rF+ MR+} (You found it on
                  | level 3 of the Elven Halls)
 66015 | Elf:3    | Identified the Incunabulum of Conjuration and Contamination
 66488 | Slime:1  | Entered Level 1 of the Pits of Slime
 66506 | Lair:5   | Noticed a golden dragon
 66506 | Lair:5   | an acid blob changed into a golden dragon
 66512 | Lair:5   | Killed a golden dragon
 66754 | Slime:2  | Received a gift from Okawaru
 66770 | Slime:1  | Gained mutation: You do not regenerate when monsters are
                  | visible. [a shining eye]
 66801 | Slime:1  | Lost mutation: You do not regenerate when monsters are
                  | visible. [potion of mutation]
 66801 | Slime:1  | Gained mutation: Your spells are a little easier to cast,
                  | but a little less powerful. [potion of mutation]
 66801 | Slime:1  | Gained mutation: Your mind is acute. (Int +2) [potion of
                  | mutation]
 67127 | Slime:3  | Received a gift from Okawaru
 67235 | Slime:2  | Reached XP level 23. HP: 121/189 MP: 20/32
 67536 | Slime:5  | Entered Level 5 of the Pits of Slime
 68131 | Slime:5  | Noticed a caustic shrike
 68131 | Slime:5  | an acid blob changed into a caustic shrike
 68137 | Slime:5  | Killed a caustic shrike
 68324 | Slime:5  | Gained mutation: You tend to lose your temper in combat. [a
                  | shining eye]
 68353 | Slime:5  | Gained mutation: Scrolls take you a little longer to read.
                  | [a shining eye]
 68665 | Slime:5  | Noticed the Royal Jelly
 68676 | Slime:5  | Found a viscous altar of Jiyva.
 68689 | Slime:5  | HP: 7/192 [acid[the Royal Jelly] (4)]
 68689 | Slime:5  | Splashed by an acid blob's acid

Levels and vault maps discovered:
D:1:      wander_arrival_estate, layout_basic
D:2:      layout_loops_ring, uniq_robin
D:3:      layout_basic, elyvilon_altar_4, ebering_ghost_inner_flame,
          kennysheep_minor_cross, minmay_misc_feat_tiny, wad_rectangle_vault,
          uniq_terence
D:4:      layout_loops_corners, lemuel_crystal_altar, marbit_many_paths,
          first_ration, cheibrodos_sewer_entry_bend,
          minmay_hollow_rounded_squares
D:5:      lemuel_insect_pit, layout_gridville, serial_shops, kennysheep_mini,
          gammafunk_ghost_grave
D:6:      layout_basic, cheibrodos_ashenzari_chains, basic_altar
D:7:      layout_basic, minmay_temple_entry_antechambers
D:8:      layout_loops_cross, lemuel_crystal_altar, uniq_pikel, uniq_maggie,
          uniq_erica
D:9:      layout_rooms, grunt_dithmenos_smoke_and_mirrors, david_lair_generic
D:10:     layout_roguey, kennysheep_orc_monster_closet_entryway, serial_shops,
          kennysheep_little_box
D:11:     layout_rooms, serial_shops, shop_fountains
D:12:     layout_roguey, enter_trove_2
D:13:     layout_loops_ring, basic_altar
D:14:     minmay_the_grid_triangle_9x9_rhombus_thin
          [minmay_the_grid_triangle_9x9_semitri,
          minmay_the_grid_triangle_9x9_prize_special,
          minmay_the_grid_triangle_9x9_cache,
          minmay_the_grid_triangle_9x9_negative_grid], layout_gridville,
          lightli_vaults_fourway_checkpoint, glass_columns_a, uniq_roxanne
D:15:     gammafunk_depths_entry_grave, layout_basic, minmay_misc_feat_hallway
Temple:   nicolae_temple_elliptical
Lair:1:   layout_cave_pods, nicolae_volcano_entry_lava_flow
Lair:2:   statuecave_lemuel, layout_chaotic_city, elwin_shoals_entry_rooms,
          gauntlet_entry_generic
Lair:3:   layout_misc_corridors, portal_ice_cave_demonic_guard,
          nicolae_quartered_pool_super, grunt_forest_large_clearings, uniq_snorg
Lair:4:   layout_small_grid, minmay_snake_entry_six_corridors, minivault_26,
          minmay_stone_trees_medium, chequers_serial_rivers_micro_d,
          grunt_forest_small_clearings
Lair:5:   layout_regular_city, slime_altar_1, gammafunk_ghost_abyssal_escape,
          infiniplex_staircase_pool_2, grunt_megastairs_3, uniq_sonja,
          uniq_rupert
Lair:6:   evilmike_catoblepas_cave, layout_small_grid, minmay_lair_oklob_bushes,
          uniq_josephine
Shoals:1: layout_shoals, nicolae_shoals_flooded_hall
Shoals:2: layout_shoals
Shoals:3: layout_shoals, hangedman_shoals_cup_caves, uniq_bai_suzhen
Shoals:4: shoals_end_grunt_ice, layout_shoals, yaktaur_hedge
Snake:1:  layout_layer_cave, hangedman_corner_corridor, uniq_aizul, uniq_azrael
Snake:2:  layout_cave_pods
Snake:3:  minmay_snake_river, layout_rooms, drop_trap, minmay_shop_star,
          lemuel_fruit_tree
Snake:4:  snake_hunt, layout_cave_town, st_stairs_8
Slime:1:  layout_caves
Slime:2:  layout_caves
Slime:3:  layout_caves, nicolae_slime_phagocytosis
Slime:4:  layout_caves, cheibrodos_slime_lost_civilization_5
Slime:5
Orc:1:    nicolae_orc_accident_1, layout_diamond_mine
Orc:2:    grunt_orc_cross, layout_caves, serial_shops, shop,
          okawaru_metal_pillars_3
Elf:1:    minmay_elf_arrival_circle, layout_rooms, serial_shops,
          nicolae_shop_temple_entry_statues_fountains, orc_legates
Elf:2:    layout_onion_city, grunt_ministairs_6
Elf:3:    elf_hall_gauntlet_wide, layout_loops_ring, mu_enter_wizlab_7,
          special_room [special_room_mythical_zoo], uniq_asterion
Vaults:1: v_misc_8, nicolae_vaults_ninety_degrees, v_misc_16, v_rooms_2,
          kb_rosetta, v_misc_19, ontoclasm_vaults_tryst,
          nicolae_vaults_triangles, grunt_vaults_hallway_long,
          nicolae_vaults_alarming, vaults_room_corners,
          hangedman_vaults_stretched_pinwheel, dpeg_vaults_monster_row,
          layout_vaults_omnicross
Vaults:2: v_misc_26, grunt_vaults_diagonal, minmay_crypt_entry_simple_plaza,
          vaults_mumra_chevron, hangedman_vaults_stretched_pinwheel,
          nicolae_vaults_diagonal_hallway_6, nicolae_vaults_yaktaur_gun_rack,
          ontoclasm_vaults_twist, nicolae_vaults_network_quincunx
          [nicolae_vaults_network_quincunx_subvault,
          nicolae_vaults_network_quincunx_subvault,
          nicolae_vaults_network_quincunx_subvault,
          nicolae_vaults_network_quincunx_subvault,
          nicolae_vaults_network_quincunx_subvault],
          nicolae_vaults_sealed_display, hangedman_vaults_stagger, v_rooms_3,
          ontoclasm_vaults_decontamination, layout_vaults_maze_bifur,
          serial_shops, shop
Vaults:3: ontoclasm_vaults_spin, vaults_dpeg_spiral, vaults_mumra_hex,
          vaults_standard_mumra_enter_the_diamond, vaults_room_grid,
          nicolae_vaults_three_branches, vaults_dpeg_diagonal,
          vaults_room_mumra_shop_pool, vaults_dpeg_hooks,
          hangedman_vaults_slice, layout_vaults_omnigrid
Vaults:4: hangedman_vaults_nails, v_alt_pattern_6, nicolae_vaults_back_hallway,
          hangedman_vaults_river_flow, nicolae_vaults_little_squares_2,
          hangedman_vaults_stitches, vaults_mumra_lcd, vaults_room_grid,
          serial_ice_g, ontoclasm_vaults_idyll, layout_vaults_ring,
          serial_shops, shop, shop_statue, nicolae_shop_trees
Depths:1: layout_cave_shapes, hangedman_abyss_or_decor_jellyfish_corner,
          abyss_entry, hell_entry, grunt_ministairs_9,
          serial_sigils_hangedman_shear, corexii_leaking_fountain,
          dk_noncrumbling_4, minivault_12, serial_bayou_shore_b,
          minmay_shop_grove, uniq_mara
Depths:2: gold_lair_mu, layout_cave_shapes, abyss_entry, minmay_misc_feat_chi,
          grunt_pan_entry_sceptre, hell_entry, drop_trap

Skill      XL: |  1  2  3  4  5  6  7  8  9 10 11 12 13 14 15 16 17 18 19 20 21 22 23 |
---------------+----------------------------------------------------------------------+-----
Short Blades   | 3 4 5 6 |  6.6
Necromancy     | 1 2 3 5 9 |  9.3
Evocations     | 2 4 5 6 8 9 10 | 10.0
Polearms       | 3 5 7 |  7.2
Long Blades    | 2 4 5 10 13 14 15 16 17 18 19 | 19.0
Shields        | 2 3 5 6 |  6.9
Invocations    | 5 6 8 10 12 13 | 13.1
Armour         | 2 3 4 10 11 12 13 14 | 14.0
Throwing       | 2 3 4 5 6 9 14 | 14.0
Fighting       | 5 7 8 9 11 12 13 14 15 17 18 | 18.5
Dodging        | 3 4 8 10 11 | 11.6
Hexes          | 2 3 6 9 |  9.0
Charms         | 1 2 5 8 |  8.0
Spellcasting   | 1 3 4 |  4.1
Stealth        | 2 |  2.0
Maces & Flails | |  1.0

Action                   |  1- 3 |  4- 6 |  7- 9 | 10-12 | 13-15 | 16-18 | 19-21 | 22-24 || total
-------------------------+-------+-------+-------+-------+-------+-------+-------+-------++-------
Melee: Short sword       |   102 |   312 |    20 |       |       |       |       |       ||   434
       Trident           |       |       |   171 |   323 |       |       |       |       ||   494
       Long sword        |       |       |    52 |       |       |       |       |       ||    52
       Triple sword      |       |       |       |   199 |   886 |  1095 |  1266 |   552 ||  3998
Throw: Stone             |    17 |    16 |     9 |       |       |       |       |       ||    42
       Dart              |       |       |     5 |    11 |    22 |    11 |     4 |     4 ||    57
       Boomerang         |       |       |       |    38 |       |   248 |    78 |       ||   364
       Javelin           |       |       |       |     1 |    73 |    90 |   290 |   184 ||   638
 Cast: Animate Skeleton  |       |     2 |     9 |    14 |    53 |    19 |    53 |     8 ||   158
       Spectral Weapon   |       |       |       |       |    24 |     1 |    14 |     4 ||    43
       Summon Butterflie |       |       |       |       |     1 |       |       |       ||     1
       Confusing Touch   |       |       |       |       |     1 |     1 |     1 |       ||     3
       Song of Slaying   |       |       |       |       |       |     1 |     8 |       ||     9
       Animate Dead      |       |       |       |       |       |       |     7 |     3 ||    10
Invok: Heroism           |       |       |       |    16 |    45 |    43 |    45 |    23 ||   172
       Finesse           |       |       |       |     2 |     3 |     5 |     1 |     2 ||    13
 Abil: Evoke Invisibilit |       |       |       |     7 |     2 |     1 |     2 |       ||    12
       Hurl Damnation    |       |       |       |       |       |       |       |     1 ||     1
Evoke: Wand              |       |     1 |       |    10 |     2 |    11 |     5 |     4 ||    33
       Tin of tremorston |       |       |       |       |     1 |       |     2 |       ||     3
       Lightning rod     |       |       |       |       |       |       |     3 |       ||     3
       Phantom mirror    |       |       |       |       |       |       |     1 |       ||     1
  Use: Scroll            |     2 |     6 |     1 |    19 |    14 |    16 |    17 |     9 ||    84
       Potion            |       |       |       |     1 |     7 |     4 |     6 |     8 ||    26
 Stab: Distracted        |       |     1 |       |     5 |    13 |     8 |    16 |     3 ||    46
       Invisible         |       |       |       |    17 |    10 |     3 |     6 |    11 ||    47
       Paralysed         |       |       |       |     6 |       |     2 |       |       ||     8
       Sleeping          |       |       |       |     3 |     4 |       |       |       ||     7
       Petrified         |       |       |       |       |     3 |       |       |       ||     3
       Petrifying        |       |       |       |       |     1 |       |       |       ||     1
  Eat: Chunk             |     3 |     9 |     9 |     7 |    48 |    22 |    23 |     1 ||   122
       Ration            |       |       |     1 |     5 |     2 |     9 |    11 |     8 ||    36
Armor: Ring mail         |    35 |    99 |       |       |       |       |       |       ||   134
       Leather armour    |       |     2 |       |       |       |       |       |       ||     2
       Scale mail        |       |     3 |   123 |   101 |       |       |       |       ||   227
       Chain mail        |       |       |       |    25 |       |       |       |       ||    25
       Robe              |       |       |       |    79 |   242 |    87 |       |       ||   408
       Plate armour      |       |       |       |    38 |    47 |   518 |   756 |   355 ||  1714
Dodge: Dodged            |    37 |   109 |    62 |   286 |   751 |  1137 |  1156 |   349 ||  3887
Block: Buckler           |       |       |    11 |       |       |       |       |       ||    11
       Kite shield       |       |       |     2 |   136 |       |       |       |       ||   138
       Other             |       |       |       |       |    28 |       |       |       ||    28
       Rpst.: Long sword |       |       |     3 |       |       |       |       |       ||     3
       Triple sword      |       |       |       |    73 |   188 |   221 |   245 |    71 ||   798

Table legend:
 A = Non-vault XP
 B = Vault XP
 C = Vault XP percentage of total XP
 D = Non-vault monster count
 E = Vault monster count
 F = Vault count percentage of total count
                 A         B        C        D         E       F
            +---------+---------+-------+---------+---------+-------
      Total |  476906 |  414460 |  46.5 |    1269 |     716 |  36.1
            +---------+---------+-------+---------+---------+-------
        D:1 |      33 |       0 |   0.0 |      19 |       0 |   0.0
        D:2 |     127 |      33 |  20.6 |      32 |      11 |  25.6
        D:3 |     130 |     237 |  64.6 |      14 |       9 |  39.1
        D:4 |     280 |     225 |  44.6 |      20 |       6 |  23.1
        D:5 |     258 |     247 |  48.9 |      10 |       1 |   9.1
        D:6 |     951 |       0 |   0.0 |      26 |       0 |   0.0
        D:7 |     890 |       0 |   0.0 |      15 |       0 |   0.0
        D:8 |     986 |    1411 |  58.9 |      24 |       3 |  11.1
        D:9 |    1536 |     786 |  33.9 |      35 |       4 |  10.3
       D:10 |    2944 |     978 |  24.9 |      18 |      20 |  52.6
       D:11 |    3325 |       0 |   0.0 |      28 |       0 |   0.0
       D:12 |    2861 |       0 |   0.0 |      27 |       0 |   0.0
       D:13 |    6620 |       0 |   0.0 |      37 |       0 |   0.0
       D:14 |   13153 |   15303 |  53.8 |      46 |      29 |  38.7
       D:15 |   17933 |    4654 |  20.6 |      49 |       9 |  15.5
     Lair:1 |    1455 |       0 |   0.0 |       5 |       0 |   0.0
     Lair:2 |    1353 |     474 |  25.9 |      11 |       1 |   8.3
     Lair:3 |    1560 |    4937 |  76.0 |      10 |      33 |  76.7
     Lair:4 |   11358 |    1615 |  12.4 |      38 |      16 |  29.6
     Lair:5 |   17094 |    4023 |  19.1 |      27 |       7 |  20.6
     Lair:6 |   11391 |   12959 |  53.2 |      31 |      30 |  49.2
   Shoals:1 |   11622 |    5947 |  33.8 |      26 |      12 |  31.6
   Shoals:2 |    6295 |       0 |   0.0 |      16 |       0 |   0.0
   Shoals:3 |   22996 |   12979 |  36.1 |      51 |      13 |  20.3
   Shoals:4 |    9071 |   23810 |  72.4 |      26 |      35 |  57.4
    Snake:1 |   11085 |    7445 |  40.2 |      24 |      15 |  38.5
    Snake:2 |   19861 |       0 |   0.0 |      40 |       0 |   0.0
    Snake:3 |   18718 |    7168 |  27.7 |      32 |      17 |  34.7
    Snake:4 |   12495 |   39942 |  76.2 |      24 |      46 |  65.7
    Slime:1 |    8036 |       0 |   0.0 |      13 |       0 |   0.0
    Slime:2 |    9838 |       0 |   0.0 |      15 |       0 |   0.0
    Slime:3 |   11487 |       0 |   0.0 |      17 |       0 |   0.0
    Slime:4 |    7509 |       0 |   0.0 |      11 |       0 |   0.0
    Slime:5 |   24392 |   15934 |  39.5 |      33 |      13 |  28.3
      Orc:1 |     996 |     450 |  31.1 |      13 |       4 |  23.5
      Orc:2 |    3214 |   11343 |  77.9 |      33 |      35 |  51.5
      Elf:1 |   11000 |   17953 |  62.0 |      19 |      28 |  59.6
      Elf:2 |   13617 |   22118 |  61.9 |      25 |      29 |  53.7
      Elf:3 |   18211 |   50154 |  73.4 |      31 |      40 |  56.3
   Vaults:1 |    7628 |   25231 |  76.8 |      17 |      40 |  70.2
   Vaults:2 |    4408 |   29938 |  87.2 |      17 |      52 |  75.4
   Vaults:3 |   15607 |   12873 |  45.2 |      25 |      28 |  52.8
   Vaults:4 |   25302 |   12083 |  32.3 |      37 |      22 |  37.3
   Depths:1 |   44367 |   21010 |  32.1 |      63 |      16 |  20.3
   Depths:2 |   31874 |   21271 |  40.0 |      55 |      19 |  25.7
    Abyss:1 |   13969 |       0 |   0.0 |      32 |       0 |   0.0
    Abyss:2 |   17070 |    1372 |   7.4 |      52 |       6 |  10.3
      IceCv |       0 |    2953 | 100.0 |       0 |      11 | 100.0
    Volcano |       0 |    2670 | 100.0 |       0 |       6 | 100.0
     WizLab |       0 |   19158 | 100.0 |       0 |      41 | 100.0
   Gauntlet |       0 |    2776 | 100.0 |       0 |       9 | 100.0
            +---------+---------+-------+---------+---------+-------
